Map: Jagannatha LE

Players

Solar - Winner!

  • Race: Zerg Zerg
  • League: Master
  • Spawn Location: 7:00

Trap

  • Race: Protoss Protoss
  • League: Master
  • Spawn Location: 1:00

VOD

Have the link to the VOD?

Description

Time

  • Played on: Jan. 16, 2021, 11:53 a.m.
  • Length: 17:13
Show
View Real Time Build Order
Export as new Build Order

Solar Zerg - Winner!

Build Orders: Hatch First, Lurkers, Roach Hydra 

Get SALT Encoding   

  12  0:00  Drone  
  13  0:12  Overlord  
  13  0:17  Drone  
  14  0:31  Drone  
  15  0:43  Drone  
  16  0:50  Hatchery  
  16  0:51  Drone  
  16  0:56  Drone  
  17  0:59  Drone  
  18  1:05  Extractor  
  17  1:14  Spawning Pool  
  17  1:18  Drone  
  17  1:21  Drone  
  18  1:28  Drone  
  19  1:39  Drone  
  20  1:49  Overlord  
  20  2:01  Queen  
  20  2:02  Zergling x4, Queen  
  26  2:09  Metabolic Boost  
  26  2:13  Drone  
  27  2:15  Drone  
  28  2:23  Drone  
  28  2:24  Drone  
  30  2:38  Hatchery  
  30  2:41  Drone  
  30  2:47  Queen  
  32  2:52  Overlord  
  32  2:54  Drone  
  32  2:56  Drone  
  34  2:58  Zergling x2  
  34  3:01  Drone  
  36  3:10  Drone  
  36  3:11  Drone x3  
  36  3:12  Drone  
  40  3:17  Drone x2  
  40  3:19  Overlord  
  42  3:23  Drone  
  43  3:33  Spore Crawler, Drone  
  43  3:36  Overlord  
  43  3:37  Queen  
  43  3:38  Zergling x2  
  43  3:40  Zergling x2  
  47  3:46  Zergling x2  
  47  3:48  Zergling x2, Spore Crawler  
  47  3:51  Queen  
  47  3:53  Drone  
  51  4:01  Drone x3  
  53  4:07  Drone  
  53  4:08  Drone  
  53  4:09  Drone x3  
  57  4:16  Queen  
  59  4:19  Drone x2  
  59  4:23  Overlord  
  61  4:27  Zergling x2  
  61  4:28  Zergling x6  
  65  4:32  Overlord  
  65  4:34  Overlord  
  65  4:36  Drone  
  65  4:41  Lair  
  65  4:42  Drone  
  65  4:43  Drone  
  65  4:45  Drone  
  67  4:47  Drone x2  
  67  4:51  Roach Warren  
  66  4:55  Extractor  
  66  4:57  Extractor, Drone  
  66  4:58  Drone  
  66  4:59  Drone, Evolution Chamber  
  66  5:01  Drone  
  66  5:03  Drone  
  66  5:07  Drone x2  
  70  5:09  Drone x2  
  70  5:12  Drone x3  
  75  5:16  Drone x3  
  75  5:17  Drone  
  75  5:18  Drone  
  80  5:23  Zergling x2  
  80  5:26  Zergling x4  
  82  5:29  Overlord  
  81  5:36  Drone  
  81  5:38  Overlord  
  81  5:41  Extractor  
  81  5:43  Extractor, Drone x2  
  81  5:47  Drone  
  81  5:49  Drone x2  
  84  5:50  Extractor  
  84  5:54  Spire  
  82  5:58  Drone x2, Overseer  
  82  5:59  Drone x2  
  82  6:02  Overlord, Drone  
  82  6:03  Drone  
  88  6:04  Drone  
  88  6:07  Overlord  
  89  6:15  Drone x2  
  89  6:17  Zergling x6  
  89  6:18  Overlord  
  92  6:23  Hatchery  
  90  6:25  Drone  
  90  6:26  Zerg Missile Weapons Level 1, Glial Reconstitution  
  91  6:33  Overlord  
  91  6:34  Overlord  
  91  6:39  Overlord  
  91  6:45  Drone  
  91  6:47  Drone  
  91  6:48  Roach x2  
  91  6:49  Roach x4  
  91  6:51  Overlord x2  
  103  6:59  Overlord x2  
  103  7:00  Extractor  
  103  7:01  Overlord  
  102  7:06  Mutalisk  
  102  7:07  Mutalisk x5  
  114  7:10  Mutalisk  
  116  7:18  Drone x3, Mutalisk  
  116  7:20  Overlord  
  121  7:26  Roach x4  
  121  7:29  Roach x2  
  132  7:32  Extractor  
  132  7:34  Overlord  
  131  7:37  Overseer  
  131  7:41  Zergling x16  
  138  7:46  Overlord, Drone  
  139  7:52  Drone  
  139  7:53  Drone  
  139  7:56  Zerg Flyer Weapons Level 1  
  139  7:57  Zergling x4  
  139  7:58  Zergling x4  
  145  8:02  Drone x4  
  147  8:06  Drone x2  
  147  8:07  Hydralisk Den  
  147  8:08  Drone  
  147  8:09  Infestation Pit  
  147  8:10  Drone  
  147  8:14  Drone  
  147  8:15  Zergling x2  
  147  8:16  Zergling x10  
  147  8:18  Overlord  
  152  8:21  Drone  
  150  8:31  Roach x4, Hatchery  
  154  8:41  Grooved Spines  
  154  8:45  Lurker Den  
  154  8:48  Hive  
  153  8:49  Drone x2  
  153  8:52  Spore Crawler  
  153  8:54  Hydralisk x11  
  176  8:59  Hydralisk  
  176  9:00  Hydralisk x2  
  181  9:04  Zerg Missile Weapons Level 2  
  181  9:06  Drone  
  182  9:17  Extractor x2  
  180  9:29  Hydralisk x4  
  187  9:32  Drone  
  187  9:33  Lurker Den  
  185  9:52  Muscular Augments  
  170  9:53  Hydralisk x4  
  170  9:59  Lurker  
  173  10:00  Lurker x7  
  173  10:04  Zergling x14  
  173  10:05  Zergling x6  
  189  10:08  Adaptive Talons  
  189  10:11  Drone x3  
  192  10:16  Drone x3  
  192  10:17  Drone  
  196  10:34  Seismic Spines  
  195  10:38  Lurker x4  
  199  10:43  Hatchery  
  199  10:45  Spine Crawler x2  
  199  10:47  Spine Crawler, Drone x3  
  199  10:48  Spine Crawler, Drone x3  
  197  10:50  Drone x2  
  197  10:53  Hydralisk  
  197  10:54  Spore Crawler  
  198  10:59  Drone  
  198  11:01  Spine Crawler  
  198  11:02  Spine Crawler, Drone  
  198  11:03  Spine Crawler x2  
  196  11:08  Pneumatized Carapace  
  196  11:09  Drone x2  
  196  11:10  Drone  
  199  11:20  Zerg Ground Armor Level 1  
  199  11:21  Drone  
  200  11:31  Zergling x4  
  198  11:36  Hydralisk x2  
  198  11:37  Zergling x2, Hydralisk  
  175  11:55  Spine Crawler, Lurker x2  
  175  11:56  Lurker x3  
  175  11:57  Spine Crawler, Hydralisk x8  
  194  12:01  Hydralisk x2  
  194  12:02  Zergling x2  
  199  12:11  Extractor  
  199  12:13  Extractor  
  197  12:24  Overseer  
  197  12:26  Zergling x6  
  199  12:34  Hydralisk x2  
  198  12:41  Hydralisk  
  195  12:46  Overseer x5  
  195  12:47  Overseer  
  195  12:48  Hydralisk x3  
  198  12:53  Lurker  
  198  12:57  Overseer  
  199  13:11  Hydralisk x4  
  197  13:13  Zergling x4  
  197  13:14  Hydralisk x3  
  197  13:19  Hydralisk x5  
  173  13:24  Hydralisk x9  
  173  13:25  Hydralisk  
  173  13:26  Hydralisk x5  
  174  13:27  Hydralisk  
  174  13:30  Zergling x10  
  174  13:31  Hydralisk x3  
  199  13:37  Lurker  
  199  13:38  Lurker x3  
  199  13:40  Lurker x8  
  199  13:49  Overseer  
  195  13:58  Lurker x4  
  195  13:59  Hatchery, Overseer  
  197  14:03  Zergling x4  
  199  14:10  Spore Crawler  
  199  14:11  Spore Crawler  
  197  14:22  Hydralisk x4  
  199  14:25  Hydralisk x2  
  192  14:32  Hydralisk  
  192  14:33  Hydralisk x3  
  192  14:36  Hydralisk x2  
  196  14:42  Hydralisk x2  
  196  14:43  Zergling x2  
  197  14:48  Hydralisk  
  197  14:49  Hydralisk x9  
  197  14:53  Hydralisk  
  195  15:03  Hydralisk  
  195  15:04  Hydralisk x4  
  197  15:07  Zergling x8  
  197  15:12  Overlord x3  
  197  15:13  Overlord  
  195  15:14  Overlord x2  
  195  15:15  Overlord  
  195  15:17  Overlord  
  190  15:23  Overlord  
  190  15:26  Overlord  
  186  15:34  Hydralisk x11  
  198  15:39  Hydralisk  
  192  15:44  Hydralisk x6  
  192  15:45  Zergling x2  
  199  15:54  Overseer x3  
  199  15:55  Zergling x2  
  193  16:05  Hydralisk  
  193  16:09  Corruptor x6  
  193  16:11  Zergling x16  
  198  16:17  Hatchery  
  198  16:18  Corruptor  
  199  16:32  Corruptor x3, Spore Crawler x2  
  199  16:45  Lurker  
  200  16:52  Zergling x18  
  196  16:56  Zergling x2  
Show
View Real Time Build Order
Export as new Build Order

Trap Protoss 

Build Orders: 1 Gate Expand, Oracle Opening, Chargelot Immortal 

Get SALT Encoding   

  12  0:00  Probe  
  13  0:13  Pylon  
  13  0:17  Probe (Chrono Boost)  
  14  0:26  Probe (Chrono Boost)  
  15  0:31  Probe (Chrono Boost)  
  16  0:41  Gateway  
  16  0:43  Probe  
  17  0:50  Assimilator  
  17  0:55  Probe  
  18  1:07  Probe  
  19  1:19  Probe  
  19  1:25  Nexus  
  20  1:36  Cybernetics Core  
  20  1:38  Probe  
  21  1:45  Assimilator  
  21  1:51  Probe  
  22  1:54  Pylon  
  22  2:02  Probe  
  23  2:10  Adept (Chrono Boost), Probe  
  23  2:12  Warp Gate  
  26  2:18  Probe  
  27  2:26  Twilight Council  
  27  2:31  Probe (Chrono Boost)  
  27  2:34  Stargate  
  28  2:37  Probe (Chrono Boost)  
  28  2:40  Adept  
  32  2:46  Probe (Chrono Boost)  
  32  2:47  Probe (Chrono Boost)  
  33  2:51  Probe  
  33  2:54  Probe  
  35  3:03  Gateway, Probe  
  36  3:09  Probe  
  36  3:10  Stalker  
  39  3:15  Probe, Oracle (Chrono Boost)  
  43  3:23  Pylon  
  43  3:24  Probe  
  44  3:28  Probe  
  45  3:36  Void Ray (Chrono Boost)  
  45  3:38  Probe  
  45  3:41  Probe  
  47  3:44  Pylon  
  51  3:52  Probe  
  51  3:53  Probe  
  53  4:04  Probe  
  53  4:05  Probe  
  53  4:11  Nexus  
  53  4:14  Pylon  
  53  4:16  Probe  
  52  4:17  Probe  
  52  4:18  Assimilator  
  52  4:20  Assimilator  
  52  4:22  Adept  
  52  4:23  Adept  
  56  4:28  Void Ray  
  56  4:29  Probe x2  
  61  4:39  Pylon  
  61  4:40  Pylon  
  61  4:45  Probe  
  62  4:47  Probe  
  61  4:53  Forge  
  61  4:54  Twilight Council  
  61  4:59  Zealot x2  
  65  5:02  Probe (Chrono Boost)  
  67  5:07  Probe (Chrono Boost)  
  67  5:11  Pylon  
  67  5:12  Probe (Chrono Boost)  
  68  5:16  Probe (Chrono Boost)  
  68  5:17  Protoss Ground Weapons Level 1  
  68  5:18  Probe (Chrono Boost)  
  68  5:24  Probe (Chrono Boost)  
  70  5:29  Gateway  
  70  5:30  Gateway  
  70  5:32  Probe (Chrono Boost)  
  70  5:34  Probe x2 (Chrono Boost)  
  70  5:35  Charge (Chrono Boost)  
  72  5:39  Probe x2 (Chrono Boost)  
  72  5:40  Probe  
  75  5:49  Templar Archives  
  71  5:50  Gateway, Probe x2  
  71  5:51  Shield Battery  
  71  5:56  Gateway  
  73  5:59  Gateway  
  73  6:03  Gateway  
  73  6:05  Psionic Storm  
  73  6:07  Assimilator  
  73  6:09  Assimilator  
  73  6:10  Probe x3  
  73  6:26  High Templar x2  
  73  6:27  High Templar  
  73  6:32  Pylon  
  79  6:33  Probe x3  
  79  6:34  Pylon  
  79  6:38  Gateway  
  82  6:40  High Templar  
  82  6:41  Gateway  
  84  6:49  Shield Battery  
  84  6:50  Shield Battery  
  84  6:52  Zealot x2  
  88  6:54  Robotics Facility  
  88  6:59  Pylon  
  88  7:00  Stalker  
  88  7:01  Stalker  
  92  7:03  Pylon  
  92  7:05  Stalker  
  94  7:10  High Templar  
  96  7:16  Blink  
  96  7:19  Stalker  
  96  7:21  Nexus  
  96  7:22  Pylon  
  98  7:25  Zealot, Protoss Ground Weapons Level 2 (Chrono Boost)  
  98  7:26  Zealot  
  101  7:38  Photon Cannon  
  101  7:39  Photon Cannon  
  101  7:41  Observer (Chrono Boost)  
  102  7:51  Stargate  
  102  7:54  Pylon  
  102  7:57  Stalker x4  
  108  7:59  Phoenix (Chrono Boost)  
  107  8:07  Probe x3  
  107  8:11  Archon  
  109  8:16  Immortal (Chrono Boost)  
  113  8:21  Probe x3  
  113  8:26  Zealot x2  
  116  8:31  High Templar x2  
  112  8:35  Robotics Facility  
  112  8:49  Phoenix  
  112  8:50  Phoenix, Immortal (Chrono Boost)  
  112  8:53  Zealot  
  122  8:55  Pylon  
  122  9:07  High Templar x2  
  122  9:22  Pylon  
  126  9:26  Immortal (Chrono Boost)  
  126  9:28  Immortal (Chrono Boost)  
  130  9:31  Nexus  
  130  9:44  Photon Cannon  
  130  9:46  Photon Cannon  
  130  9:51  Zealot  
  130  9:52  Immortal (Chrono Boost)  
  130  10:04  Protoss Ground Weapons Level 3  
  130  10:06  Fleet Beacon  
  130  10:07  Immortal (Chrono Boost)  
  130  10:08  Photon Cannon  
  130  10:10  Photon Cannon  
  130  10:14  Observer  
  130  10:23  Robotics Facility  
  130  10:24  Observer (Chrono Boost)  
  129  10:36  Immortal (Chrono Boost)  
  129  10:42  Pylon  
  137  10:43  Pylon  
  137  10:45  Pylon, Immortal (Chrono Boost)  
  137  10:47  Mothership (Chrono Boost)  
  145  11:01  High Templar  
  145  11:02  Pylon  
  145  11:03  Probe x3 (Chrono Boost)  
  150  11:05  High Templar  
  150  11:06  Zealot x2  
  150  11:08  Assimilator x2  
  150  11:10  Pylon  
  156  11:12  Observer x2  
  156  11:16  Probe (Chrono Boost)  
  158  11:29  Observer  
  155  11:33  Zealot x2, Immortal  
  155  11:39  Zealot x2  
  155  11:40  Observer  
  155  11:44  Oracle (Chrono Boost)  
  151  11:51  Archon  
  152  11:55  Archon  
  152  11:57  Zealot x6  
  164  12:06  Gateway  
  164  12:09  Gateway  
  164  12:13  Gateway  
  164  12:19  Dark Shrine, Nexus  
  160  12:23  Immortal (Chrono Boost)  
  166  12:33  Immortal x2 (Chrono Boost)  
  162  12:38  Zealot x2  
  162  12:39  Zealot  
  162  12:41  Zealot x3  
  170  12:52  Zealot x2  
  174  13:05  High Templar x4  
  180  13:06  Zealot x4, High Templar x2  
  180  13:07  Observer  
  188  13:16  Archon  
  160  13:20  Archon x2  
  160  13:26  Warp Prism (Chrono Boost), Pylon  
  149  13:27  Zealot, Immortal (Chrono Boost), High Templar x4  
  149  13:28  Zealot x2  
  149  13:32  Immortal (Chrono Boost)  
  173  14:00  High Templar x2  
  173  14:01  Zealot x6, High Templar x2  
  173  14:02  Zealot  
  195  14:07  Archon  
  195  14:08  Archon  
  189  14:21  Assimilator x2  
  189  14:23  Photon Cannon  
  189  14:24  Photon Cannon  
  171  14:42  Carrier x2 (Chrono Boost)  
  171  14:52  Stargate  
  161  14:58  High Templar x4  
  161  14:59  Zealot x8  
  177  15:06  Archon  
  169  15:07  Archon  
  159  15:29  High Templar x4  
  159  15:30  Nexus  
  156  15:39  Carrier (Chrono Boost)  
  156  15:41  Zealot  
  143  15:47  Carrier (Chrono Boost)  
  129  16:05  Observer  
  129  16:18  High Templar x3  
  131  16:25  Archon  
  135  16:26  Nexus  
  135  16:30  Immortal (Chrono Boost)  
  142  16:40  Immortal (Chrono Boost)  
  142  16:45  Zealot  
  142  16:46  Zealot x2  
  154  16:54  Archon  
Tags
 
Add a new tag
Caveats
  • Supply blocks, unpowered buildings, or Contaminate may cause inaccurate times.
  • Supply counts are checked every 10 seconds.